 Dungeon Crawl Stone Soup version 0.24.0-1-gfbc8707 (webtiles) character file.

Game seed: 18331932992895163037, levelgen mode: deterministic

20325 Faca the Fighter (level 12, -4/84 HPs)
             Began as a Gargoyle Fighter on Nov 2, 2019.
             Was a High Priest of Okawaru.
             Slain by Rupert
             ... wielding a +5 great sword of flaming
              (30 damage)
             ... on level 3 of the Lair of Beasts.
             The game lasted 00:32:41 (13717 turns).

Faca the Fighter (Gargoyle Fighter)                Turns: 13717, Time: 00:32:42

Health: -4/84      AC: 33    Str: 24    XL:     12   Next: 78%
Magic:  12/12      EV:  7    Int: 10    God:    Okawaru [*****.]
Gold:   688        SH: 12    Dex: 12    Spells: 11/11 levels left

rFire    . . .     SeeInvis .   F - +2 flail (crush)
rCold    + + +     Gourm    .   c - +0 shield
rNeg     + . .     Faith    .   q - +3 chain mail {rC+}
rPois    ∞         Spirit   .   h - +2 hat
rElec    +         Reflect  .   E - +2 cloak {rPois}
rCorr    .         Harm     .   J - +0 pair of gloves {Dex+3}
MR       .....                  L - +2 pair of boots
Stlth    ..........             g - amulet of the acrobat
HPRegen  0.24/turn              w - ring of protection from cold
MPRegen  0.13/turn              G - ring of protection from cold

@: no status effects
A: negative energy resistance 1, electricity resistance, unbreathing,
petrification resistance, rot immunity, AC +8
a: Heroism, Finesse, Renounce Religion


You were on level 3 of the Lair of Beasts.
You worshipped Okawaru.
Okawaru was extremely pleased with you.
You were hungry.

You visited 3 branches of the dungeon, and saw 14 of its levels.

You collected 763 gold pieces.
You spent 75 gold pieces at shops.

Inventory:

Hand Weapons
 u - a +0 morningstar
 F - a +2 flail of crushing (weapon)
Missiles
 k - 33 boomerangs (quivered)
Armour
 c - a +0 shield (worn)
 h - a +2 hat (worn)
 q - a +3 chain mail of cold resistance (worn)
 t - a +0 large shield
 E - a +2 cloak of poison resistance (worn)
 J - a +0 pair of gloves of dexterity (worn)
 L - a +2 pair of boots (worn)
Jewellery
 g - an amulet of the acrobat (around neck)
 w - a ring of protection from cold (left hand)
 G - a ring of protection from cold (right hand)
Wands
 l - a wand of iceblast (10)
 v - a wand of digging (5)
 y - a wand of paralysis (12)
 C - a wand of clouds (1)
 I - a wand of flame (44)
Scrolls
 a - a scroll of identify
 e - 13 scrolls of remove curse
 z - 2 scrolls of magic mapping
 B - 2 scrolls of immolation
 D - 2 scrolls of blinking
 K - 2 scrolls of teleportation
Potions
 b - a potion of berserk rage
 d - 3 potions of might
 i - 5 potions of mutation
 j - 4 potions of lignification
 m - 4 potions of brilliance
 n - 3 potions of curing
 o - 2 potions of flight
 p - a potion of ambrosia
 s - 3 potions of cancellation
 x - 3 potions of agility
 A - a potion of heal wounds
 H - a potion of haste
Comestibles
 f - 30 rations
 r - 9 chunks of flesh


   Skills:
 + Level 13.9 Fighting
 + Level 12.7 Maces & Flails
 + Level 8.8 Armour
 + Level 8.7 Shields


You had 11 spell levels left.
You didn't know any spells.
Your spell library contained the following spells:

 Spells                   Type           Power        Failure   Level  Hunger
 Animate Skeleton         Necr           N/A          99%         1    ##.....
 Apportation              Tloc           #.....       99%         1    ##.....
 Confusing Touch          Hex            #.....       99%         1    ##.....
 Summon Small Mammal      Summ           #...         99%         1    ##.....
 Confuse                  Hex            #.......     100%        3    ####...
 Gell's Gravitas          Tloc           #.........   100%        3    ####...
 Petrify                  Tmut/Erth      #.......     100%        4    #####..
 Metabolic Englaciation   Hex/Ice        #.........   100%        5    ######.
 Yara's Violent Unravell  Hex/Tmut       #.........   100%        5    ######.


Dungeon Overview and Level Annotations

Branches:
Dungeon (10/15)            Temple (1/1) D:5            Lair (3/6) D:9
  Snake (0/4) Lair:2          Orc (0/2) D:9
  Swamp: Lair:2-4    Shoals: Lair:2-4

Altars:
Ashenzari
Fedhas
Gozag
Nemelex Xobeh
Okawaru
Ru
Sif Muna
Trog
Vehumet
Wu Jian
Xom
Yredelemnul
Zin
The Shining One

Shops:
D:4 :   D:10 !

Annotations:
Lair:3 Rupert


Innate Abilities, Weirdness & Mutations

You are resistant to torment.
Your stone body is resilient. (AC +8)
You are immune to poison.
You resist negative energy. (rN+)
You are resistant to electric shocks. (rElec)
You can survive without breathing.
You are immune to petrification.
You are immune to rotting.


Message History

Rupert is almost dead.
Rupert hits you but does no damage.
You thump Rupert!
Rupert is almost dead.
You block Rupert's attack.
You hit Rupert but do no damage.
Rupert is almost dead.
Rupert hits you but does no damage.
You hit Rupert.
Rupert is almost dead.
You are feeling hungry.
Rupert hits you with a +5 great sword of flaming!!
Rupert burns you.
Your shield prevents you from hitting Rupert.
Rupert is almost dead.
You block Rupert's attack.
You hit Rupert.
Rupert is almost dead.
Rupert hits you with a +5 great sword of flaming!!
You die...

#.......#### #..##P....##
#P.#'#### #####....?.#.P#
####.######.#.#}#'(##..##
###...>....#...........#
#.#...#....#..........##
#...........#.........#
##.....................#
#P.............(@....###
.'...........#(.@......#
#............#.......###
#..#.#..#####.......%.#
######### ##........#
##.#...### ...#P.P #..
.P## .. .##


You could see Rupert (berserk).

Vanquished Creatures
  Erolcha (D:9)
  A hydra (Lair:2)
  The ghost of Southernist the Magician, a journeyman HuIE of Sif Muna (D:9)
  A two-headed ogre (D:10)
  Pikel (D:6)
  A cyclops (D:10)
  Maurice (D:9)
  9 spiny frogs
  5 komodo dragons
  Grinder (D:6)
  A queen bee (Lair:2)
  4 hippogriffs
  A human (D:9)
  4 hogs (D:9)
  8 yaks
  A hungry ghost (D:5)
  9 water moccasins
  6 porcupines
  Duvessa (D:6)
  4 sky beasts
  7 necrophages
  6 orc warriors
  2 slaves (D:6)
  2 black bears (D:10)
  4 ice beasts
  5 ogres
  6 centaurs
  2 big kobolds
  6 crocodiles
  16 bullfrogs
  Blork the orc (D:4)
  A gnoll sergeant (D:5)
  Dowan (D:6)
  24 killer bees (Lair:2)
  3 bullfrog zombies
  7 crimson imps
  2 centaur zombies (D:8)
  3 hounds
  2 bullfrog skeletons
  4 orc priests
  3 centaur skeletons
  A gnoll shaman (D:8)
  10 orc wizards
  Ijyb (D:4)
  Terence (D:2)
  An iguana (D:5)
  5 worker ants
  A hound zombie (D:7)
  A worker ant zombie (D:3)
  Robin (D:2)
  32 gnolls
  23 adders
  2 shadow imps
  An ooze (D:2)
  2 adder zombies (D:6)
  3 adder skeletons
  2 worms (D:2)
  5 dart slugs
  12 leopard geckos
  44 orcs
  3 ball pythons
  9 giant cockroaches
  9 hobgoblins
  4 jackals
  17 kobolds
  3 quokkas
  11 bats
  5 frilled lizards
  23 goblins
  A jackal skeleton (D:6)
  A leopard gecko zombie (D:8)
  A quokka skeleton (D:5)
  A rat (D:2)
  2 bushes (D:7)
406 creatures vanquished.

Vanquished Creatures (others)
  2 fungi (Lair:3)
  7 plants
9 creatures vanquished.

Grand Total: 415 creatures vanquished

Notes
Turn   | Place    | Note
-------+----------+-------------------------------------------
     0 | D:1      | Faca the Gargoyle Fighter began the quest for the Orb.
     0 | D:1      | Reached XP level 1. HP: 14/14 MP: 1/1
   115 | D:1      | Reached XP level 2. HP: 13/19 MP: 2/2
   517 | D:1      | Reached skill level 4 in Fighting
   517 | D:1      | Reached XP level 3. HP: 22/24 MP: 3/3
   998 | D:2      | Reached XP level 4. HP: 25/30 MP: 4/4
  1137 | D:2      | Noticed Robin
  1151 | D:2      | Killed Robin
  1468 | D:2      | Noticed Terence
  1486 | D:2      | Killed Terence
  1486 | D:2      | Reached XP level 5. HP: 34/34 MP: 5/5
  1487 | D:2      | Reached skill level 5 in Fighting
  1572 | D:2      | Found a shattered altar of Ashenzari.
  2207 | D:3      | Reached XP level 6. HP: 33/40 MP: 6/6
  2805 | D:3      | Reached skill level 6 in Fighting
  2805 | D:3      | Reached skill level 5 in Maces & Flails
  2963 | D:4      | Found Asibru's Book Shop.
  3036 | D:4      | Noticed Blork the orc
  3053 | D:4      | Killed Blork the orc
  3053 | D:4      | Reached XP level 7. HP: 39/47 MP: 7/7
  3203 | D:4      | Noticed Ijyb
  3235 | D:4      | Killed Ijyb
  3531 | D:5      | Entered Level 5 of the Dungeon
  3531 | D:5      | Noticed a hungry ghost
  3641 | D:5      | Reached skill level 7 in Fighting
  3891 | D:5      | Found a blossoming altar of Fedhas.
  3903 | D:5      | Killed a hungry ghost
  3903 | D:5      | Reached XP level 8. HP: 53/54 MP: 8/8
  4039 | D:5      | Found a bloodstained altar of Trog.
  4040 | D:5      | Reached skill level 8 in Fighting
  4139 | D:5      | Found a staircase to the Ecumenical Temple.
  4184 | Temple   | Entered the Ecumenical Temple
  4212 | Temple   | Became a worshipper of Warmaster Okawaru
  4464 | D:6      | Noticed Duvessa
  4464 | D:6      | Noticed Dowan
  4481 | D:6      | Killed Duvessa
  4486 | D:6      | Killed Dowan
  4704 | D:6      | Reached skill level 9 in Fighting
  4709 | D:6      | Reached * piety under Okawaru
  4715 | D:6      | Reached XP level 9. HP: 49/60 MP: 9/9
  4888 | D:6      | Found a sparkling altar of Nemelex Xobeh.
  5109 | D:6      | Reached ** piety under Okawaru
  5122 | D:6      | Reached skill level 10 in Fighting
  5241 | D:6      | Noticed Grinder
  5259 | D:6      | Paralysed by Grinder for 2 turns
  5261 | D:6      | Killed Grinder
  5379 | D:6      | Noticed Pikel
  5407 | D:6      | Killed Pikel
  5752 | D:7      | Reached skill level 11 in Fighting
  5752 | D:7      | Reached XP level 10. HP: 69/69 MP: 10/10
  5757 | D:7      | Found a blossoming altar of Fedhas.
  5867 | D:7      | Reached skill level 10 in Maces & Flails
  5965 | D:7      | Reached *** piety under Okawaru
  6171 | D:7      | Found a glowing golden altar of the Shining One.
  7628 | D:9      | Noticed Erolcha
  7634 | D:9      | Killed Erolcha
  7634 | D:9      | Reached **** piety under Okawaru
  7634 | D:9      | Reached skill level 12 in Fighting
  8027 | D:9      | Found a staircase to the Lair.
  8057 | D:9      | Found a staircase to the Orcish Mines.
  8069 | D:9      | Reached XP level 11. HP: 74/76 MP: 11/11
  8180 | D:9      | Noticed Maurice
  8192 | D:9      | Killed Maurice
  8192 | D:9      | Reached ***** piety under Okawaru
  8192 | D:9      | Reached skill level 5 in Armour
  8192 | D:9      | Reached skill level 5 in Shields
  8650 | D:9      | Found a runed translucent door.
  8650 | D:9      | Noticed Southernist's ghost (journeyman HuIE)
  8754 | D:9      | Killed Southernist's ghost
  9054 | D:10     | Entered Level 10 of the Dungeon
  9389 | D:10     | Noticed a cyclops
  9401 | D:10     | Killed a cyclops
  9617 | D:10     | Received a gift from Okawaru
  9704 | D:10     | Reached skill level 13 in Fighting
  9846 | D:10     | Noticed a two-headed ogre
  9852 | D:10     | Killed a two-headed ogre
  9893 | D:10     | Found Gats's Distillery.
  9897 | D:10     | Bought a potion of heal wounds for 75 gold pieces
 10042 | Lair:1   | Entered Level 1 of the Lair of Beasts
 10135 | Lair:1   | You fall into a shaft and drop 1 floor!
 10448 | Lair:1   | Reached XP level 12. HP: 84/84 MP: 12/12
 10710 | Lair:2   | Got a fine scale mail
 10721 | Lair:2   | Identified the +0 scale mail of Jaejem {rPois Dex+5 SInv}
                  | (You found it on level 2 of the Lair of Beasts)
 10879 | Lair:2   | Found a staircase to the Snake Pit.
 12235 | Lair:2   | Noticed a four-headed hydra
 12248 | Lair:2   | Killed a four-headed hydra
 12248 | Lair:2   | Received a gift from Okawaru
 13013 | Lair:3   | Noticed Rupert
 13041 | Lair:3   | HP: 3/84 [Rupert/+5 great sword of flaming (4)]
 13686 | Lair:3   | Paralysed by Rupert for 3 turns
 13692 | Lair:3   | Paralysed by Rupert for 3 turns
 13717 | Lair:3   | Slain by Rupert

Levels and vault maps discovered:
D:1:      tarquinn_simple_flora_water_b, layout_rooms
D:2:      layout_basic, overflow_temple_1_default, uniq_terence, uniq_robin
D:3:      layout_rooms
D:4:      layout_cave_pools, serial_shops, shop, uniq_blork_the_orc, uniq_ijyb
D:5:      layout_rooms, overflow_temple_1_default, temple_green, basic_altar,
          first_ration, minmay_stone_trees_small
D:6:      wad_crossroads, layout_loops_ring, marbit_many_paths, uniq_pikel,
          uniq_duvessa, uniq_grinder
D:7:      layout_rooms, tso_metal_star, fedhas_altar_decomposition
D:8:      layout_gridville
D:9:      layout_roguey, grunt_lair_entry_orc_guard_hut, gammafunk_ghost_grave,
          grunt_livestock, uniq_erolcha, uniq_maurice
D:10:     layout_roguey, serial_shops, nicolae_shop_trees,
          grunt_decor_resistance
Temple:   regret_index_temple_mists
Lair:1:   layout_hall_layers, ldierk_geyser
Lair:2:   cheibrodos_lair_river_kwai, layout_hall_layers,
          minmay_snake_entry_six_corridors, special_room [special_room_bee]
Lair:3:   layout_roguey, serial_bayou_shore_a, uniq_rupert

Skill      XL: |  1  2  3  4  5  6  7  8  9 10 11 12 |
---------------+-------------------------------------+-----
Fighting       | 4 5 6 7 9 11 12 13 | 13.9
Maces & Flails | 3 4 5 6 8 9 11 12 | 12.7
Armour         | 4 7 8 |  8.8
Shields        | 4 7 8 |  8.7

Action                   |  1- 3 |  4- 6 |  7- 9 | 10-12 || total
-------------------------+-------+-------+-------+-------++-------
Melee: Flail             |   143 |   278 |   414 |  1159 ||  1994
       Whip              |       |       |    61 |       ||    61
Throw: Boomerang         |       |       |     3 |     6 ||     9
       Throwing net      |       |       |       |     5 ||     5
Invok: Heroism           |       |       |       |     6 ||     6
Evoke: Wand              |       |       |       |     6 ||     6
  Use: Scroll            |       |     7 |     6 |    12 ||    25
       Potion            |       |       |     1 |     3 ||     4
 Stab: Held in net/web   |       |       |       |     1 ||     1
  Eat: Chunk             |     1 |     7 |     8 |    20 ||    36
       Ration            |       |       |     1 |     2 ||     3
Armor: Scale mail        |    51 |    49 |       |       ||   100
       Chain mail        |       |   130 |   258 |   627 ||  1015
Dodge: Dodged            |    64 |   113 |   108 |   326 ||   611
Block: Shield            |    90 |   185 |   198 |   606 ||  1079
